 Dungeon Crawl Stone Soup version 0.26-a0-613-g4f23886233 (webtiles) character file.

Game seed: 10853424274408283101

188 Peloso the Shield-Bearer (level 5, 0/41 HPs)
             Began as a Demonspawn Fighter on Sept 11, 2020.
             Slain by an iguana (11 damage)
             ... on level 4 of the Dungeon.
             The game lasted 00:05:13 (3160 turns).

Peloso the Shield-Bearer (Demonspawn Fighter)       Turns: 3160, Time: 00:05:14

Health: 0/41       AC: 11    Str: 17    XL:     5   Next: 39%
Magic:  5/5        EV:  7    Int:  9    God:
Gold:   100        SH:  9    Dex: 13    Spells: 4/4 levels left

rFire    + . .     SeeInvis .   a - +0 long sword
rCold    + . .     Faith    .   c - +0 kite shield
rNeg     . . .     Spirit   .   b - +0 scale mail
rPois    .         Reflect  .   (no helmet)
rElec    .         Harm     .   q - +1 cloak
rCorr    .                      (no gloves)
MR       .....                  (no boots)
Stlth    +.........             (no amulet)
HPRegen  0.13/turn              g - ring of stealth
MPRegen  0.09/turn              m - ring of protection from fire

@: no status effects
A: claws 1, slimy green scales 1, cold resistance 1
a: no special abilities


You were on level 4 of the Dungeon.
You visited 1 branch of the dungeon, and saw 4 of its levels.

You collected 100 gold pieces.

Inventory:

Hand Weapons
 a - a +0 long sword (weapon)
Armour
 b - a +0 scale mail (worn)
 c - a +0 kite shield (worn)
 q - a +1 cloak (worn)
Jewellery
 g - a ring of stealth (left claw)
 m - a ring of protection from fire (right claw)
Scrolls
 f - a scroll of magic mapping
 i - 2 scrolls of remove curse
 j - a scroll of amnesia {unknown}
 n - a scroll of enchant weapon {unknown}
Potions
 d - a potion of might
 e - a potion of lignification {unknown}
 h - 2 potions of heal wounds {unknown}
 k - 2 potions of brilliance {unknown}
 l - a potion of stabbing {unknown}
 o - 2 potions of flight {unknown}
 p - a potion of curing


   Skills:
 + Level 3.4 Fighting
 + Level 3.2 Long Blades
 + Level 3.4 Armour
 + Level 1.1 Dodging
 + Level 0.1 Stealth
 + Level 3.6 Shields


You had 4 spell levels left.
You didn't know any spells.
Your spell library was empty.

Dungeon Overview and Level Annotations

Branches:
Dungeon (4/15)
 Temple: D:4-7

Altars:


Innate Abilities, Weirdness & Mutations

You have sharp fingernails.
You are partially covered in slimy green scales. (AC +2)
Your flesh is cold resistant. (rC+)


Message History

You hit the iguana but do no damage.
The iguana is severely wounded.
The iguana barely misses you.
You riposte.
Your shield prevents you from hitting the iguana.
The iguana is severely wounded.
You hit the iguana.
The iguana is severely wounded.
You block the iguana's attack.
You hit the iguana but do no damage.
The iguana is severely wounded.
The iguana bites you.
* * * LOW HITPOINT WARNING * * *
You hit the iguana but do no damage.
The iguana is severely wounded.
You block the iguana's attack.
The iguana bites you but does no damage.
You completely miss the iguana.
The iguana is severely wounded.
The iguana bites you!
You die...

≈≈≈≈≈,,,,,,,*,,,,,,**,*,*,*,,* *,
≈∩≈≈≈,,,,,,,,,,,,,,**,*,*,,,,* *,
≈≈≈≈≈,,*,****,***,,,,,,,*,*,** *,
≈≈≈≈≈*,,,,,,*,* *,,,,,,,*,*,****,
≈≈≈≈,,,,,****,* *,,,,,,,,,,,,,**,
,,,*,,*,>,,,*,* *,,,,,,###*##,*,,
,,,,,,**,*,*#,* ******#..,,.#,*,,
,,,,*,**,#.##.#########.#**.#,*,,
,,,,,,,,,#.....l@.....#.###.#,,,,
,*,,****#......##.........#.#**,,
,*,,,,,,.......*#......##.#.# *,,
,***,***.......*#.........#.###.#
,*,,,* *.#.####*##.##.####......#
,*,*** *,#,,,,,,...##.# #.(#####
,,,*****,,,,,,*######.####..#####
,***,,,,,,,,,,***................
,* *,,,,,,,*,,**,......###.......


You could see an iguana.

Vanquished Creatures
  An orc wizard (D:3)
  7 adders
  2 oozes
  A leopard gecko (D:4)
  9 orcs
  6 bats
  3 giant cockroaches
  9 hobgoblins
  8 jackals (D:3)
  2 quokkas (D:3)
  3 frilled lizards
  8 goblins
  10 kobolds
  10 rats
79 creatures vanquished.

Notes
Turn   | Place    | Note
-------+----------+-------------------------------------------
     0 | D:1      | Peloso the Demonspawn Fighter began the quest for the Orb.
     0 | D:1      | Reached XP level 1. HP: 18/18 MP: 1/1
   131 | D:1      | Gained mutation: You have sharp fingernails. [demonic
                  | ancestry]
   131 | D:1      | Reached XP level 2. HP: 16/24 MP: 2/2
  1051 | D:2      | Gained mutation: You are partially covered in slimy green
                  | scales. (AC +2) [demonic ancestry]
  1051 | D:2      | Reached XP level 3. HP: 11/29 MP: 3/3
  2391 | D:3      | Gained mutation: Your flesh is cold resistant. (rC+)
                  | [demonic ancestry]
  2391 | D:3      | Reached XP level 4. HP: 31/35 MP: 4/4
  2807 | D:3      | Reached skill level 1 in Dodging
  2814 | D:3      | Reached XP level 5. HP: 33/41 MP: 5/5
  3160 | D:4      | Slain by an iguana

Illustrated notes

Levels and vault maps discovered:
D:1:      mrwooster_arrival_statue_2, layout_loops_cross
D:2:      layout_basic
D:3:      layout_basic
D:4:      kennysheep_big_flooded_room, layout_basic,
          cheibrodos_sewer_entry_drain

Skill      XL: |  1  2  3  4 |
---------------+-------------+-----
Long Blades    | 2 3 |  3.2
Armour         | 3 |  3.4
Shields        | 3 |  3.6
Dodging        | 1 |  1.1
Fighting       | |  3.4
Stealth        | |  0.1

Action                   |  1- 3 |  4- 6 || total
-------------------------+-------+-------++-------
Melee: Long sword        |   159 |   140 ||   299
  Use: Scroll            |       |     3 ||     3
Armor: Scale mail        |   104 |    84 ||   188
Dodge: Dodged            |    55 |    60 ||   115
Block: Kite shield       |   101 |    82 ||   183
       Rpst.: Long sword |    17 |    20 ||    37

Table legend: (Time is in decaauts)
 A = Elapsed time spent in this place.
 B = Non-inter-level travel time spent in this place.
 C = Inter-level travel time spent in this place.
 D = Time resting spent in this place.
 E = Time spent auto-exploring this place.
 F = Levels seen in this place.
 G = Mean time per level.
                   A        B        C        D        E       F      G
               +--------+--------+--------+--------+--------+-----+--------+
         Total |   3269 |   3195 |     74 |     66 |   2400 |   4 |  817.2 |
       Dungeon |   3269 |   3195 |     74 |     66 |   2400 |   4 |  817.2 |
               +--------+--------+--------+--------+--------+-----+--------+

Top non-repeatable levels by time:
     D:2: 1298 daAuts
     D:1: 1021 daAuts
     D:3: 853 daAuts
     D:4: 95 daAuts
